 Dungeon Crawl Stone Soup version 0.26-a0-651-gb41185065b (webtiles) character file.

Game seed: 2649067991626815639

4215 Lanoc the Blocker (level 10, -3/76 HPs)
             Began as a Formicid Gladiator on Oct 20, 2020.
             Was an Elder of Uskayaw.
             Slain by a two-headed ogre
             ... wielding a +0 dire flail
              (21 damage)
             ... on level 8 of the Dungeon.
             The game lasted 00:09:08 (8857 turns).

Lanoc the Blocker (Formicid Gladiator)              Turns: 8857, Time: 00:09:09

Health: -3/76      AC:  9    Str: 19    XL:     10   Next: 54%
Magic:  15/15      EV:  8    Int:  9    God:    Uskayaw [****..]
Gold:   297        SH: 17    Dex: 14    Spells: 9/9 levels left

rFire    + . .     SeeInvis +   q - +5 war axe of Annihilation {pain, +Fly rElec rN+}
rCold    . . .     Faith    +   e - +0 tower shield
rNeg     + . .     Spirit   .   t - +0 chain mail
rPois    .         Reflect  .   (helmet unavailable)
rElec    +         Harm     .   (no cloak)
rCorr    .         Rampage  .   (no gloves)
MR       +....                  u - +0 pair of boots
Stlth    ..........             v - amulet of faith
HPRegen  0.22/turn              m - ring of flight
MPRegen  0.14/turn              w - ring of protection from fire

@: no status effects
A: permanent stasis, dig shafts and tunnels, four strong arms, antennae 3
a: Dig, Shaft Self, Stomp, Line Pass, Renounce Religion, Evoke Flight


You were on level 8 of the Dungeon.
You worshipped Uskayaw.
Uskayaw was noncommittal.
You visited 2 branches of the dungeon, and saw 9 of its levels.

You collected 349 gold pieces.
You spent 52 gold pieces at shops.

Inventory:

Hand Weapons
 q - the +5 war axe of Annihilation (weapon) {pain, +Fly rElec rN+}
   (You found it on level 5 of the Dungeon)

   In the hands of one skilled in necromantic magic, it inflicts extra damage on
   living creatures.
   It insulates you from electricity.
   It protects you from negative energy.
   It lets you fly.
Armour
 e - a +0 tower shield (worn)
 k - a +0 kite shield
 t - a +0 chain mail (worn)
 u - a +0 pair of boots (worn)
Jewellery
 m - a ring of flight (left hand)
 v - an amulet of faith (around neck)
 w - a ring of protection from fire (right hand)
Wands
 a - a wand of polymorph (4)
 b - a wand of iceblast (14)
 j - a wand of disintegration (6)
 x - a wand of random effects (11)
Scrolls
 f - 3 scrolls of identify
 g - 3 scrolls of remove curse
 o - 3 scrolls of enchant weapon {unknown}
 p - a scroll of fog {unknown}
 r - 2 scrolls of amnesia {unknown}
 y - a scroll of immolation {unknown}
Potions
 c - 3 potions of heal wounds {unknown}
 d - a potion of brilliance
 h - 4 potions of flight {unknown}
 i - a potion of cancellation
 l - 2 potions of might
 n - a potion of mutation
 s - a potion of curing
 z - a potion of invisibility {unknown}


   Skills:
 + Level 6.3 Fighting
 * Level 8.5 Axes
 - Level 2.0 Throwing
 + Level 5.7 Dodging
 * Level 9.2 Shields
 * Level 6.7 Invocations


You had 9 spell levels left.
You didn't know any spells.
Your spell library was empty.

Dungeon Overview and Level Annotations

Branches:
Dungeon (8/15)             Temple (1/1) D:7
   Lair: D:8-11

Altars:
Ashenzari
Dithmenos
Elyvilon
Gozag
Hepliaklqana
Sif Muna
Trog
Uskayaw
Wu Jian
Yredelemnul

Shops:
D:6 !}*:


Innate Abilities, Weirdness & Mutations

You cannot be hasted, slowed, berserked, paralysed or teleported.
You can dig through walls and to a lower floor.
Your four strong arms can wield two-handed weapons with a shield.
You have a pair of large antennae on your head. (SInv)


Message History

The two-headed ogre is no longer paralysed.
You block the two-headed ogre's attack. The two-headed ogre barely misses you.
You slash the two-headed ogre!
The two-headed ogre is almost dead.
You block the two-headed ogre's attack.
The two-headed ogre hits you with a +0 giant club.
Your shield and chain mail prevent you from hitting the two-headed ogre.
The two-headed ogre is almost dead.
The two-headed ogre hits you with a +0 dire flail!
* * * LOW HITPOINT WARNING * * *
The two-headed ogre closely misses you.
Your chain mail prevents you from hitting the two-headed ogre.
The two-headed ogre is almost dead.
The two-headed ogre is no longer sharing its pain.
The two-headed ogre hits you but does no damage. x2
You slash the two-headed ogre!
The two-headed ogre is almost dead.
You block the two-headed ogre's attack.
The two-headed ogre hits you with a +0 giant club!!
You die...

#.......<.......
#...............
...#...............
...#....##....#####
#####..#....##+####
##..##..#....# #...+...#....#
#...#...#..<.##+# ####
#...#...#O@..##..######..#
#...#...'†...#...........#
#####..#...#....#...........##
#..##..##..#....#.............
#..##..##..#....#.............
#..........#....#...........#
#..##......#....##..##.###..#
#####......#....##..##.# #..#
#..........#######.....# .a...


You could see a two-headed ogre.

Vanquished Creatures
  Harold (D:7)
  Joseph (D:7)
  A troll (D:8)
  Grinder (D:5)
  A hippogriff (D:7)
  Menkaure (D:4)
  Duvessa (D:4)
  An orc warrior (D:6)
  An ice beast (D:5)
  2 sky beasts (D:7)
  2 phantoms
  4 ogres
  2 centaurs (D:6)
  4 bullfrogs
  Dowan (D:4)
  A water moccasin zombie (D:5)
  2 scorpions
  3 wights
  4 orc wizards
  3 bullfrog skeletons
  Terence (D:3)
  3 iguanas
  9 worker ants
  A hound zombie (D:7)
  3 worker ant zombies
  4 gnolls (D:6)
  7 adders
  2 shadow imps
  2 white imps
  An ufetubus (D:3)
  An adder zombie (D:7)
  An adder skeleton (D:6)
  2 worms
  4 leopard geckos
  17 orcs
  9 bats
  3 giant cockroaches
  2 hobgoblins
  2 jackals (D:3)
  A kobold (D:2)
  2 quokkas (D:8)
  2 frilled lizards
  2 goblins (D:3)
  A jackal skeleton (D:7)
  A leopard gecko skeleton (D:6)
  A leopard gecko zombie (D:6)
  5 rats
126 creatures vanquished.

Notes
Turn   | Place    | Note
-------+----------+-------------------------------------------
     0 | D:1      | Lanoc the Formicid Gladiator began the quest for the Orb.
     0 | D:1      | Reached XP level 1. HP: 16/16 MP: 1/1
   140 | D:2      | Reached XP level 2. HP: 23/23 MP: 2/2
   172 | D:3      | Reached XP level 3. HP: 23/28 MP: 3/3
   253 | D:3      | Reached skill level 1 in Shields
   448 | D:3      | Noticed a scorpion
   463 | D:3      | Killed a scorpion
   463 | D:3      | Reached skill level 2 in Shields
   463 | D:3      | Reached XP level 4. HP: 10/34 MP: 4/4
   831 | D:3      | Reached XP level 5. HP: 37/40 MP: 5/5
   976 | D:3      | Found a bloodstained altar of Trog.
  1032 | D:3      | Noticed Terence
  1050 | D:3      | Killed Terence
  1227 | D:3      | Reached skill level 3 in Shields
  1816 | D:4      | Reached XP level 6. HP: 8/47 MP: 6/6
  2201 | D:4      | Noticed an ogre
  2213 | D:4      | Killed an ogre
  2428 | D:4      | Noticed an ogre
  2439 | D:4      | Killed an ogre
  2439 | D:4      | Reached skill level 4 in Shields
  2439 | D:4      | Reached XP level 7. HP: 24/52 MP: 7/7
  2619 | D:4      | Noticed Duvessa
  2619 | D:4      | Noticed Dowan
  2638 | D:4      | Killed Duvessa
  2638 | D:4      | Reached skill level 5 in Axes
  2649 | D:4      | Killed Dowan
  3007 | D:4      | Noticed Menkaure
  3020 | D:4      | Killed Menkaure
  3020 | D:4      | Reached skill level 5 in Shields
  3360 | D:4      | Reached XP level 8. HP: 54/60 MP: 8/8
  3782 | D:5      | Entered Level 5 of the Dungeon
  4097 | D:5      | Found a white marble altar of Elyvilon.
  4156 | D:5      | Found an ornate altar of the Wu Jian Council.
  4169 | D:5      | Reached skill level 6 in Shields
  4212 | D:5      | Noticed a +0 dagger
  4214 | D:5      | Found a hide-covered altar of Uskayaw.
  4214 | D:5      | Noticed a +0 hand axe
  4219 | D:5      | Became a worshipper of Uskayaw the Reveler
  4428 | D:5      | Found a shadowy altar of Dithmenos.
  4431 | D:5      | Reached * piety under Uskayaw
  4435 | D:5      | Reached ** piety under Uskayaw
  4456 | D:5      | Reached skill level 1 in Invocations
  4676 | D:5      | Reached *** piety under Uskayaw
  4755 | D:5      | Got a crystal war axe
  4756 | D:5      | Identified the +5 war axe of Annihilation {pain, +Fly rElec
                  | rN+} (You found it on level 5 of the Dungeon)
  4836 | D:5      | Noticed Grinder
  4845 | D:5      | Killed Grinder
  5480 | D:6      | Reached XP level 9. HP: 50/67 MP: 10/10
  5484 | D:6      | Reached **** piety under Uskayaw
  5551 | D:6      | Reached skill level 5 in Fighting
  5622 | D:6      | Reached skill level 7 in Shields
  5960 | D:6      | Found Pygewk's Book Boutique.
  7133 | D:6      | Found Nitinew's General Store.
  7150 | D:6      | Reached skill level 5 in Dodging
  7245 | D:6      | Found Rimes's Gadget Emporium.
  7283 | D:6      | Found Erycinui's Distillery.
  7292 | D:6      | Bought a potion of might for 52 gold pieces
  7509 | D:7      | Found a broken altar of Ashenzari.
  7586 | D:7      | Noticed Joseph
  7602 | D:7      | Killed Joseph
  7602 | D:7      | Reached skill level 8 in Shields
  7602 | D:7      | Reached skill level 5 in Invocations
  7602 | D:7      | Reached XP level 10. HP: 32/76 MP: 13/13
  7975 | D:7      | Found a shimmering blue altar of Sif Muna.
  8005 | D:7      | Noticed Harold
  8025 | D:7      | Killed Harold
  8149 | D:7      | Reached skill level 9 in Shields
  8198 | D:7      | Found a hazy altar of Hepliaklqana.
  8201 | D:7      | Found an opulent altar of Gozag.
  8201 | D:7      | Found a basalt altar of Yredelemnul.
  8503 | D:7      | Found a staircase to the Ecumenical Temple.
  8510 | Temple   | Entered the Ecumenical Temple
  8808 | D:8      | Noticed a two-headed ogre
  8857 | D:8      | Slain by a two-headed ogre

Illustrated notes

Levels and vault maps discovered:
D:1:      lemuel_arrival_tunnels, layout_basic
D:2:      layout_rooms
D:3:      layout_rooms, lemuel_doored_altar, uniq_terence
D:4:      layout_loops_ring, minmay_quadrilaterals, uniq_menkaure, uniq_duvessa
D:5:      layout_basic, lemuel_crystal_altar, grunt_dithmenos_shadows,
          kennysheep_mini, dancing_weapons_uskayaw, uniq_grinder
D:6:      layout_basic, serial_shops, shop_fountains, shop, shop,
          nicolae_shop_waterfront
D:7:      layout_loops_corners, cheibrodos_ashenzari_chains,
          lemuel_coloured_pillars_altar, grunt_temple_overflow_open,
          minmay_temple_entry_fiery, uniq_joseph, uniq_harold
D:8:      layout_gridville, gammafunk_temple_overflow_statue
Temple:   cyrus_temple_forest

Skill      XL: |  1  2  3  4  5  6  7  8  9 10 |
---------------+-------------------------------+-----
Shields        | 2 3 4 5 6 8 9 |  9.2
Dodging        | 3 4 5 |  5.7
Axes           | 4 5 6 7 8 |  8.5
Fighting       | 3 4 5 6 |  6.3
Invocations    | 2 5 6 |  6.7
Throwing       | |  2.0

Action                   |  1- 3 |  4- 6 |  7- 9 | 10-12 || total
-------------------------+-------+-------+-------+-------++-------
Melee: War axe           |    62 |   104 |   281 |    74 ||   521
Throw: Throwing net      |     1 |     3 |     2 |       ||     6
Evoke: Wand              |       |       |       |     4 ||     4
  Use: Scroll            |       |     7 |       |       ||     7
       Potion            |       |     1 |     3 |       ||     4
 Stab: Held in net/web   |       |     2 |       |       ||     2
       Paralysed         |       |       |     9 |     9 ||    18
Armor: Leather armour    |    18 |    17 |    11 |       ||    46
       Chain mail        |       |       |    30 |    27 ||    57
Dodge: Dodged            |    41 |    39 |   106 |    16 ||   202
Block: Tower shield      |    30 |    13 |       |    59 ||   102
       Kite shield       |       |    51 |   147 |     4 ||   202

Table legend: (Time is in decaauts)
 A = Elapsed time spent in this place.
 B = Non-inter-level travel time spent in this place.
 C = Inter-level travel time spent in this place.
 D = Time resting spent in this place.
 E = Time spent auto-exploring this place.
 F = Levels seen in this place.
 G = Mean time per level.
                   A        B        C        D        E       F      G
               +--------+--------+--------+--------+--------+-----+--------+
         Total |   8989 |   8710 |    279 |   1195 |   6274 |   9 |  998.8 |
       Dungeon |   8987 |   8708 |    279 |   1195 |   6274 |   8 | 1123.4 |
        Temple |      1 |      1 |      0 |      0 |      0 |   1 |    1.0 |
               +--------+--------+--------+--------+--------+-----+--------+

Top non-repeatable levels by time:
     D:4: 2386 daAuts
     D:5: 2377 daAuts
     D:3: 1312 daAuts
     D:6: 1279 daAuts
     D:7: 1265 daAuts
     D:8: 204 daAuts
     D:1: 125 daAuts
     D:2: 35 daAuts
  Temple: 1 daAuts
